 Dungeon Crawl Stone Soup version 0.32-a0-163-g159c032296 (webtiles) character file.

Game seed: 6590565659911133900

63 zeratav the Trooper (level 4, -4/49 HPs)
             Began as an Oni Warper on Feb 11, 2024.
             Slain by Terence
             ... wielding a +0 mace of protection
              (9 damage)
             ... on level 2 of the Dungeon.
             The game lasted 00:02:40 (1144 turns).

zeratav the Trooper (Oni Warper)                    Turns: 1144, Time: 00:02:41

Health: -4/49      AC:  3    Str: 17    XL:     4   Next: 10%
Magic:  7/7        EV: 14    Int: 14    God:
Gold:   106        SH:  0    Dex:  8    Spells: 7/7 levels left

rFire   . . .        a - +0 mace {mace}
rCold   . . .        (no shield)
rNeg    . . .        b - +0 robe
rPois   .            (helmet restricted)
rElec   .            (no cloak)
rCorr   .            (gloves unavailable)
SInv    +            (boots unavailable)
Will    .....        (no amulet)
Stlth   +            f - ring of see invisible
HPRegen 0.28/turn    g - +5 ring of evasion
MPRegen 0.10/turn

%: no passive effects
@: no status effects
A: large, unfitting armour, horns 1, tough skin 1, double potion healing,
drunken brawling
a: no special abilities


You were on level 2 of the Dungeon.
You visited 1 branch of the dungeon, and saw 2 of its levels.

You collected 106 gold pieces.


Innate Abilities, Weirdness & Mutations

You are too large for most types of armour.
You have a pair of small horns on your head.
You have tough skin. (AC +1)
You gain doubled healing and magic from potions.
Whenever you drink a healing potion, you attack all around you.


   Skills:
 + Level 4.4 Fighting
 + Level 3.3 Maces & Flails
 - Level 1.0 Throwing
 - Level 2.1 Dodging
 - Level 2.4 Spellcasting
 - Level 2.6 Translocations


You had 7 spell levels left.
You didn't know any spells.
Your spell library contained the following spells:

 Spells                   Type           Power      Damage    Failure   Level
 Blink                    Tloc           18%        N/A       12%         2
 Lesser Beckoning         Tloc           18%        N/A       12%         2
 Teleport Other           Tloc           9%         N/A       22%         3
 Manifold Assault         Tloc           9%         N/A       58%         4
 Vhi's Electric Charge    Tloc/Air       10%        N/A       78%         4

Inventory:

Hand Weapons
 a - a +0 mace (weapon) {mace}
Missiles
 d - 7 darts of dispersal (quivered) {=fthrowing}
Armour
 b - a +0 robe (worn)
Jewellery
 f - a ring of see invisible (left hand)
   (You found it on level 1 of the Dungeon)
 g - a +5 ring of evasion (right hand)
   (You found it on level 1 of the Dungeon)
Scrolls
 c - a scroll of blinking {!r}
 e - a scroll of enchant armour {unknown}
 h - a scroll of identify {unknown}
 j - a scroll of enchant weapon {unknown}
 k - a scroll of fog {unknown}
Potions
 i - a potion of heal wounds {unknown}

Dungeon Overview and Level Annotations

Branches:
Dungeon (2/15) Zot: 10818

Altars:

Annotations:
D:2 Terence

#.#.#######.......#
#>#.# #.......#
#.#.# ...........
########.#.#
.####.#####
...........# .#
########...# .#
#.......#
#.####..#####.###
#...@@......
#.#########. #...
...... ###...##
##.## #.# #.#


You could see Terence.


Message History

You kill the bat!
No target in view!
No target in view!
No target in view!
No target in view!
No target in view!
No target in view!
No target in view!
No target in view!
No target in view!
No target in view!
No target in view!
No target in view!
No target in view!
No target in view!
No target in view!
No target in view!
Found an escape hatch in the floor.
A rat comes into view.
The rat squeaks loudly.
A rat is nearby!
A rat is nearby!
A rat is nearby!
The rat bites you.
HP[-2]
You take 2 damage, and now have 47/49 hp.
You hit the rat.
You kill the rat!
No target in view!
No target in view!
No target in view!
No target in view!
No target in view!
No target in view!
No target in view!
No target in view!
No target in view!
No target in view!
No target in view!
No target in view!
No target in view!
No target in view!
There is an escape hatch in the floor here.
Terence the Incautious comes into view.
He is wielding a +0 mace of protection.
Terence shouts!
HP[+2]
Your hp is fully restored (49).
Terence hits you with a +0 mace of protection!
HP[-8]
You take 8 damage, and now have 41/49 hp.
You closely miss Terence.
Terence hits you with a +0 mace of protection.
HP[-4]
You take 4 damage, and now have 37/49 hp.
You closely miss Terence.
Terence screams, "I'm going to kill you!"
Terence hits you with a +0 mace of protection.
HP[-4]
You take 4 damage, and now have 33/49 hp.
You hit Terence. You headbutt Terence, but do no damage.
Terence hits you with a +0 mace of protection!
Terence barely misses you.
HP[-8]
You take 8 damage, and now have 25/49 hp.
You hit Terence. Terence closely misses you.
You hit Terence but do no damage. Your headbutt misses Terence.
Terence barely misses you.
HP[+1]
You hit Terence. Your headbutt misses Terence.
Terence hits you with a +0 mace of protection!
* * * LOW HITPOINT WARNING * * *
HP[-9]
You take 9 damage, and now have 17/49 hp.
You barely miss Terence.
Terence hits you with a +0 mace of protection.
* * * LOW HITPOINT WARNING * * *
Terence barely misses you.
HP[-5]
You take 5 damage, and now have 12/49 hp.
You completely miss Terence.
Terence hits you with a +0 mace of protection.
* * * LOW HITPOINT WARNING * * *
HP[-4]
You take 4 damage, and now have 8/49 hp.
You barely miss Terence. Your punch misses Terence. Terence misses you.
You hit Terence but do no damage. You headbutt Terence, but do no damage.
Terence misses you.
You hit Terence but do no damage.
Terence hits you with a +0 mace of protection.
* * * LOW HITPOINT WARNING * * *
Terence closely misses you.
HP[-4]
You take 4 damage, and now have 4/49 hp.
You hit Terence but do no damage. Your headbutt misses Terence.
Terence hits you but does no damage.
You completely miss Terence. Terence closely misses you.
You hit Terence. Your headbutt misses Terence.
Terence hits you with a +0 mace of protection!
You die...
Terence says, "That felt goooood."

Skill      XL: |  1  2  3 |
---------------+----------+-----
Fighting       | 3 4 |  4.4
Maces & Flails | 3 |  3.3
Throwing       | |  1.0
Dodging        | |  2.1
Spellcasting   | |  2.4
Translocations | |  2.6

Action                     |  1- 3 |  4- 6 || total
---------------------------+-------+-------++-------
  Melee: Mace              |   121 |    21 ||   142
         Headbutt          |     9 |     3 ||    12
         Punch             |     2 |       ||     2
 Armour: Robe              |    60 |    13 ||    73
  Dodge: Dodged            |    82 |    17 ||    99

Levels and vault maps discovered:
D:1:      scummos_arrival_simple_crosswalls, layout_loops_cross
D:2:      layout_loops_ring, chequers_ecumenical_altar_simple, uniq_robin,
          uniq_terence

Notes
Turn   | Place    | Note
-------+----------+-------------------------------------------
     0 | D:1      | zeratav the Oni Warper began the quest for the Orb.
     0 | D:1      | Reached XP level 1. HP: 22/22 MP: 3/3
     0 | D:1      | magus.rc [v1.9.6]
    16 | D:1      | You fall into a shaft and drop 1 floor!
    48 | D:2      | Reached skill level 3 in Fighting
    68 | D:2      | Reached XP level 2. HP: 27/31 MP: 5/5
   614 | D:1      | Reached XP level 3. HP: 38/39 MP: 6/6
   901 | D:2      | Noticed Robin
   911 | D:2      | Reached skill level 4 in Fighting
   917 | D:2      | Reached skill level 3 in Maces & Flails
   924 | D:2      | Killed Robin
   946 | D:2      | Reached XP level 4. HP: 28/49 MP: 7/7
  1127 | D:2      | Noticed Terence
  1137 | D:2      | HP: 12/49 [Terence/+0 mace of protection (5)]
  1141 | D:2      | HP: 4/49 [Terence/+0 mace of protection (5)]
  1144 | D:2      | Slain by Terence

Vanquished Creatures
  Robin (D:2)
  A dart slug (D:2)
  A ribbon worm (D:2)
  2 ball pythons (D:1)
  7 bats
  3 endoplasms (D:1)
  12 goblins
  7 hobgoblins
  2 kobolds (D:2)
  A quokka (D:1)
  4 frilled lizards
  2 rats (D:2)
43 creatures vanquished.

Table legend:
 A = Non-vault XP
 B = Vault XP
 C = Vault XP percentage of total XP
 D = Non-vault monster count
 E = Vault monster count
 F = Vault count percentage of total count
                 A         B        C        D         E       F
            +---------+---------+-------+---------+---------+-------
      Total |      57 |      34 |  37.4 |      31 |      12 |  27.9
            +---------+---------+-------+---------+---------+-------
        D:1 |      33 |       0 |   0.0 |      19 |       0 |   0.0
        D:2 |      24 |      34 |  58.6 |      12 |      12 |  50.0
            +---------+---------+-------+---------+---------+-------

Skill      XL: |  1  2  3 |
---------------+----------+-----
Fighting       | 3 4 |  4.4
Maces & Flails | 3 |  3.3
Throwing       | |  1.0
Dodging        | |  2.1
Spellcasting   | |  2.4
Translocations | |  2.6

Action                     |  1- 3 |  4- 6 || total
---------------------------+-------+-------++-------
  Melee: Mace              |   121 |    21 ||   142
         Headbutt          |     9 |     3 ||    12
         Punch             |     2 |       ||     2
 Armour: Robe              |    60 |    13 ||    73
  Dodge: Dodged            |    82 |    17 ||    99

Illustrated notes

Table legend:
 A = Kills in this place as a percentage of kills in the entire game.
 B = Kills by you in this place as a percentage of kills by you in the entire game.
 C = Kills by friends in this place as a percentage of kills by friends in the entire game.
 D = Other kills in this place as a percentage of other kills in the entire game.
 E = Experience gained in this place as a percentage of experience gained in the entire game.
 F = Experience gained in this place divided by the number of levels of this place that you have seen.
                   A       B       C       D       E      F
               +-------+-------+-------+-------+-------+----------------------
         Total | 100.0 | 100.0 |   N/A |   N/A | 100.0 |  45.5
       Dungeon | 100.0 | 100.0 |   N/A |   N/A | 100.0 |  45.5
               +-------+-------+-------+-------+-------+----------------------

Table legend: (Time is in decaauts)
 A = Elapsed time spent in this place.
 B = Non-inter-level travel time spent in this place.
 C = Inter-level travel time spent in this place.
 D = Time resting spent in this place.
 E = Time spent auto-exploring this place.
 F = Levels seen in this place.
 G = Mean time per level.
                   A        B        C        D        E       F      G
               +--------+--------+--------+--------+--------+-----+--------+
         Total |   1180 |   1130 |     50 |     43 |    790 |   2 |  590.0 |
       Dungeon |   1180 |   1130 |     50 |     43 |    790 |   2 |  590.0 |
               +--------+--------+--------+--------+--------+-----+--------+

Top non-repeatable levels by time:
     D:1: 630 daAuts
     D:2: 549 daAuts
